 Dungeon Crawl Stone Soup version 0.28.0-53-g5a82cb258f (webtiles) character file.

Game seed: 17456438344851049730

51 Zeld the Skirmisher (level 3, 0/51 HPs)
             Began as a Minotaur Berserker on June 9, 2022.
             Was a Follower of Trog.
             Killed by divine providence
             ... invoked by an orc priest
              (10 damage)
             ... on level 4 of the Dungeon.
             The game lasted 00:00:35 (927 turns).

Zeld the Skirmisher (Minotaur Berserker)             Turns: 927, Time: 00:00:36

Health: 0/51       AC:  2    Str: 23    XL:     3   Next: 58%
Magic:  2/2        EV: 12    Int:  4    God:    Trog [*.....]
Gold:   14         SH:  0    Dex:  9    Spells: 2/2 levels left

rFire   . . .      SeeInvis .   a - +0 hand axe
rCold   . . .      Faith    .   (no shield)
rNeg    . . .      Spirit   .   b - +0 animal skin
rPois   .          Reflect  .   (helmet restricted)
rElec   .          Harm     .   (no cloak)
rCorr   .          Rampage  .   (no gloves)
Will    .....                   (no boots)
Stlth   ..........              (no amulet)
HPRegen 0.17/turn               (no ring)
MPRegen 0.08/turn               (no ring)

@: berserking, very quick
A: horns 2, retaliatory headbutt
a: Renounce Religion, Berserk


You were on level 4 of the Dungeon.
You worshipped Trog.
Trog was aware of your devotion.
You visited 1 branch of the dungeon, and saw 4 of its levels.

You collected 14 gold pieces.

Inventory:

Hand Weapons
 a - a +0 hand axe (weapon)
Armour
 b - a +0 animal skin (worn)
Scrolls
 c - a scroll of teleportation {unknown}
 f - a scroll of fear {unknown}
 g - a scroll of amnesia {unknown}
Potions
 d - 2 potions of might {unknown}
 e - a potion of brilliance {unknown}
 h - a potion of mutation {unknown}


   Skills:
 * Level 4.4 Fighting
 * Level 4.3 Axes
 + Level 3.0 Armour
 + Level 2.6 Dodging


You had 2 spell levels left.
You didn't know any spells.
Your spell library was empty.

Dungeon Overview and Level Annotations

Branches:
Dungeon (4/15)
 Temple: D:4-7

Altars:
The Shining One


Innate Abilities, Weirdness & Mutations

You have a pair of horns on your head.
You reflexively headbutt those who attack you in melee.


Message History

You hit the orc priest but do no damage.
You closely miss the hound.
The orc priest hits you with a +0 trident.
The hound barely misses you.
The orc priest mumbles some strange prayers to Beogh against you.
You barely resist. The hound barely misses you.
You hit the orc priest.
The orc priest is moderately wounded.
You hit the orc priest but do no damage.
You closely miss the hound. The orc priest closely misses you.
You furiously retaliate!
You headbutt the orc priest. The hound closely misses you.
The orc priest hits you with a +0 trident.
The orc closely misses you.
Unknown command.
A red film seems to cover your vision as you go berserk!
You feel yourself moving faster!
You feel mighty! The hound bites you.
* * * LOW HITPOINT WARNING * * *
The orc priest barely misses you. x2; You furiously retaliate!
You headbutt the orc priest!!
You kill the orc priest!
Trog accepts your kill.
The orc priest hits you with a +0 short sword.
* * * LOW HITPOINT WARNING * * *
The hound completely misses you. The orc closely misses you.
You furiously retaliate!
You headbutt the orc!
Your Armour skill increases to level 3!
You have reached level 3!
Your experience leads to an increase in your attributes!
Increase (S)trength, (I)ntelligence, or (D)exterity?
You feel stronger. x2
Unknown command.
You barely miss the hound. Your headbutt misses the hound.
You slash the orc priest! You slash the orc!
You kill the orc!
Trog accepts your kill.
You slash the orc priest!
The orc priest calls down the wrath of Beogh upon you.
Beogh smites you!
You die...

#....)....#
#.........#
#.........# ...
#.........# ...
#.........# ...
#.........# #.#
#.))o.....# #.#
#..@h.....# #.#
#...o.....#
#.###.######+##
#.....# #.#
###########....#
#.#####
......[........#
#.#.<.#
...............#
#.#.#.#
...............#
#.#.#.#
...............#
#.#.#.#


You could see a hound and 2 orc priests.

Vanquished Creatures
  An orc priest (D:4)
  5 orcs (D:4)
  2 giant cockroaches
  A goblin (D:2)
  4 hobgoblins
  2 quokkas
  A ball python (D:4)
  A bat (D:2)
  A frilled lizard (D:2)
18 creatures vanquished.

Notes
Turn   | Place    | Note
-------+----------+-------------------------------------------
     0 | D:1      | Zeld the Minotaur Berserker began the quest for the Orb.
     0 | D:1      | Reached XP level 1. HP: 19/19 MP: 0/0
   210 | D:2      | Reached XP level 2. HP: 18/27 MP: 1/1
   751 | D:4      | Found a glowing golden altar of the Shining One.
   927 | D:4      | Reached XP level 3. HP: 9/34 MP: 2/2
   927 | D:4      | Killed from afar by an orc priest

Illustrated notes

Levels and vault maps discovered:
D:1:      dpeg_arrival_stone_temple_mockup, layout_basic,
          hellmonk_ecumenical_altar_lost_god, serial_rivers,
          chequers_serial_rivers_room_b, chequers_serial_rivers_room_b,
          chequers_serial_rivers_micro_c, chequers_serial_rivers_room_a,
          chequers_serial_rivers_small_b, chequers_serial_rivers_micro_e
D:2:      layout_basic
D:3:      layout_basic
D:4:      layout_basic, lemuel_zombie_altar_yredelemnul,
          nicolae_tso_swordbearing_angel, lemuel_doored_altar

Skill      XL: |  1  2 |
---------------+-------+-----
Fighting       | 4 |  4.4
Axes           | 4 |  4.3
Armour         | 3 |  3.0
Dodging        | |  2.6

Action                   || total
-------------------------++-------
Melee: Hand axe          ||    47
       Headbutt          ||     4
       Punch             ||     1
Invok: Berserk           ||     1
 Stab: Sleeping          ||     1
Armor: Animal skin       ||     5
Dodge: Dodged            ||    39
